 Dungeon Crawl Stone Soup version 0.24.0-125-gc4c63601f3 (webtiles) character file.

Game seed: 1939983079865349070, levelgen mode: deterministic

46 H0rd4k the Charlatan (level 3, 0/26 HPs)
             Began as a Human Artificer on Mar 11, 2020.
             Slain by a bat (1 damage)
             ... on level 2 of the Dungeon.
             The game lasted 00:01:41 (1550 turns).

H0rd4k the Charlatan (Human Artificer)              Turns: 1550, Time: 00:01:42

Health: 0/26       AC:  6    Str: 13    XL:     3   Next: 92%
Magic:  5/5        EV: 17    Int: 16    God:
Gold:   67         SH:  0    Dex: 18    Spells: 2/2 levels left

rFire    . . .     SeeInvis .   a - +0 short sword
rCold    . . .     Gourm    .   (no shield)
rNeg     . . .     Faith    .   b - +0 leather armour
rPois    .         Spirit   .   (no helmet)
rElec    .         Reflect  .   (no cloak)
rCorr    .         Harm     .   l - +2 pair of gloves
MR       .....                  (no boots)
Stlth    +++.......             (no amulet)
HPRegen  0.08/turn              (no ring)
MPRegen  0.09/turn              (no ring)

@: brilliant, agile, lethally poisoned (0 -> -8)
A: no striking features
a: no special abilities


You were on level 2 of the Dungeon.
You were not hungry.

You visited 1 branch of the dungeon, and saw 2 of its levels.

You collected 67 gold pieces.

Inventory:

Hand Weapons
 a - a +0 short sword (weapon)
Armour
 b - a +0 leather armour (worn)
 l - a +2 pair of gloves (worn)
 m - +0 ice dragon scales
Wands
 c - a wand of flame (13)
 d - a wand of enslavement (12)
 e - a wand of random effects (15)
Scrolls
 g - a scroll of remove curse {unknown}
 h - 3 scrolls of teleportation {unknown}
Potions
 j - a potion of magic {unknown}
Comestibles
 f - 2 rations


   Skills:
 + Level 1.3 Fighting
 + Level 2.0 Short Blades
 + Level 1.1 Armour
 + Level 2.0 Dodging
 + Level 1.4 Stealth
 + Level 3.4 Evocations


You had 2 spell levels left.
You didn't know any spells.
Your spell library was empty.

Dungeon Overview and Level Annotations

Branches:
Dungeon (2/15)

Altars:


Message History

You are more poisoned.
The adder poisons you! The bat hits you but does no damage.
Evoke which item? (* to show all) (? for menu, Esc to quit)
Aiming: Enslavement
Press: ? - help, Shift-Dir - straight line, f/p - adder
Aim: an adder (heavily wounded, chance to defeat MR: 65%)
The adder is charmed.
* * * LOW HITPOINT WARNING * * *
You feel sick. The bat barely misses you. The bat closely misses you. x2
The kobold closely misses your adder.
It was a potion of brilliance.
You feel clever all of a sudden. The bat barely misses you. x2
The kobold hits your adder but does no damage.
The bat hits you but does no damage.
It was a potion of agility.
You feel agile all of a sudden.
* * * LOW HITPOINT WARNING * * *
You feel sick. The bat closely misses you. The bat hits you.
You die...

..... ...# .# . ..###
##..# ##.#.. ..#
...##...... ..# .........
..# #.....#... .#####
#.......# .....###
#K.#.#... .#.....######
#S#.......
.##.........####@#..###(.
.#######....#..b.bl.# ##
###.........## #
#.........#.# #
#.#....##...# #
#.##.#####..# # # #..
...# # ...# ##..# # #...#
#..


You could see a leopard gecko, 2 bats, a kobold and a friendly adder.

Vanquished Creatures
  4 dart slugs (D:1)
  A leopard gecko (D:2)
  A ball python (D:1)
  5 giant cockroaches
  4 goblins (D:1)
  5 hobgoblins (D:1)
  2 kobolds
  6 bats
  3 frilled lizards (D:1)
  3 rats (D:1)
34 creatures vanquished.

Vanquished Creatures (others)
  A hobgoblin (D:1)
1 creature vanquished.

Grand Total: 35 creatures vanquished

Notes
Turn   | Place    | Note
-------+----------+-------------------------------------------
     0 | D:1      | H0rd4k the Human Artificer began the quest for the Orb.
     0 | D:1      | Reached XP level 1. HP: 15/15 MP: 3/3
   336 | D:1      | Reached XP level 2. HP: 19/21 MP: 4/4
   813 | D:1      | Reached XP level 3. HP: 24/26 MP: 5/5
  1472 | D:2      | Reached skill level 1 in Armour
  1550 | D:2      | HP: 1/26 [poisoned by an adder]
  1550 | D:2      | Slain by a bat

Levels and vault maps discovered:
D:1:      scummos_arrival_forest, layout_basic
D:2:      layout_rooms, marbit_many_paths, first_ration

Skill      XL: |  1  2  3 |
---------------+----------+-----
Armour         | 1 |  1.1
Short Blades   | 2 |  2.0
Fighting       | |  1.3
Dodging        | |  2.0
Stealth        | |  1.4
Evocations     | |  3.4

Action                   || total
-------------------------++-------
Melee: Short sword       ||   158
Evoke: Wand              ||     5
  Use: Potion            ||     2
 Stab: Sleeping          ||     1
  Eat: Chunk             ||     2
Armor: Leather armour    ||    41
Dodge: Dodged            ||   140
